Zazza, neutral female human Tourist ----- |...-# ---------- |...|# ---------------######.........| |...|# #..............|# |........| |...|### #|.............|# |........| -.---### |.............|# |#.......| # ###|.............|# .........| # ###..............|# ---.------ # #-.--.--------.-# ### # ##### ########### # # ###### # ## ### ---|- # ### ###### # |....####################### -+-----h--- |...| -.-----.- # |.......... |...| |........ .........@| ----- |.......| |.......&.| |....<..| |........f| --------- ----------- Zazza the Rambler Experience level: 2 Strength: 12 Dexterity: 9 Constitution: 15 Intelligence: 13 Wisdom: 8 Charisma: 18 Health: 0(16) Energy: 5(5) Def: 1 Gold: 668 Moves: 1238 Dungeon seed: -XTm_CSdW3f1P1l9 Game ID: Zazza_1601630311 Your Inventory: Coins $ - 668 gold pieces Weapons a - 25 +2 darts (in quiver) o - 2 +0 orcish daggers (wielded) Armor e - an uncursed +0 Hawaiian shirt y - an uncursed +0 orcish helm (being worn) z - a cursed -3 orcish helm Comestibles b - 3 uncursed fortune cookies c - 2 uncursed slime molds d - 3 uncursed food rations f - 3 uncursed tripe rations g - an uncursed sprig of wolfsbane h - an uncursed tin of lichen t - an uncursed apple Scrolls k - 3 uncursed scrolls of magic mapping l - a blessed scroll of magic mapping p - a blessed scroll of remove curse Potions i - an uncursed potion of extra healing j - a blessed potion of extra healing Tools m - an expensive camera (0:80) n - an uncursed credit card v - an expensive camera (0:94) Gems q - an uncursed fluorite stone r - an uncursed worthless piece of violet glass Spells and supernatural/magical abilities: Name Level Category Fail Memory W - pray for help -- divine ? -- Your skills at the end: Fighting Skills Weapon Skills dart [Basic] Spellcasting Skills Final Attributes: You were nominally aligned. You were lucky. You are dead. Vanquished creatures: 2 shriekers a hobbit a gecko 7 jackals a fox 3 goblins 2 sewer rats 4 grid bugs 3 lichens a kobold zombie 4 newts 29 creatures vanquished. Voluntary challenges: You were an atheist. You used a wielded weapon 4 times, starting on turn 900. You were illiterate. You never genocided any monsters. You never polymorphed an object. You never changed form. You used no wishes. You never split a pudding. You never wrote Elbereth's name. You never violated your personal moral code. Dungeon overview: The Dungeons of Doom: levels 1 to 3 Level 1 a sink a long staircase Level 2 many fountains Level 3 <- You were here a sink History has recorded: On T:1 you entered the Dungeons of Doom to retrieve the Amulet of Yendor! On T:514 you reached level 2 of The Dungeons of Doom. On T:982 you reached level 3 of The Dungeons of Doom. On T:1209 you advanced to experience level 2. Score breakdown: Gold: 517 ( 9233 points) Experience: 2 levels ( 5570 points) Exploration: 3 levels ( 6.12%) ( 6123 points) Discoveries: 0 items ( 0.00%) ( 0 points) Valuables value: (no points given unless you survive) Artifact value: 0 ( 0 points) Variety of kills: 11 monsters ( 2.89%) ( 5097 points) Turncount: 1238 turns ( 0 points) Survival: died (score multiplied by 80%) Total score: 20818 Latest messages: Time stands still while you and the incubus lie in each other's arms... You seem to have enjoyed it more than the incubus... That was a very educational experience. You feel more experienced. Welcome to experience level 2. The incubus demands that you pay him, but you refuse... There is nothing here to pick up. You hit the shrieker. Armand misses the shrieker. Armand bites the shrieker. (2x) Armand misses the shrieker. Armand bites the shrieker. The shrieker is killed! You displace Armand. You hear some noises in the distance. You hear some noises. You hear some noises in the distance. The door opens. It is hit. $ - 30 gold pieces. You displace Armand. The incubus acts as though he has got a headache. The incubus hits! (2x) The incubus acts as though he has got a headache. The incubus hits! You die... Final status: Aloha Zazza the Tourist, killed by an incubus... You died in The Dungeons of Doom on dungeon level 3 with 20818 points, and 668 pieces of gold, after 1238 moves. You were level 2 with a maximum of 16 hit points when you died.